 Dungeon Crawl Stone Soup version 0.31-a0-538-gbc85326fa9 (webtiles) character file.

Game seed: 7333355593775251203

143751 Arcadio the Metamorph (level 17, -6/157 HPs)
             Began as a Merfolk Shapeshifter on Aug 12, 2023.
             Was a Plaything of Xom.
             Mangled by a black mamba (10 damage)
             ... on level 2 of the Snake Pit on Aug 13, 2023.
             The game lasted 02:38:21 (40493 turns).

Arcadio the Metamorph (Merfolk Shapeshifter)       Turns: 40493, Time: 02:38:21

Health: -6/157     AC: 11    Str: 30    XL:     17   Next: 38%
Magic:  0/15       EV: 12    Int:  5    God:    Xom [.*....]
Gold:   2572       SH:  4    Dex: 16    Spells: 14/16 levels left

rFire   . .          .
                       - Unarmed
rCold   . . .        (no shield)
rNeg    + . .        Q - +0 plate armour {rPois}
rPois   +            (helmet currently unavailable)
rElec   +            L - melded scarf "Zeixoq" {+Inv, Str+7}
rCorr   .            q - melded +2 pair of gloves
SInv    .            T - melded +1 pair of boots {rampage}
Will    +++..        a - amulet of Xom's Hatred {Spirit Rampage rN+} Stlth
                     l - +4 ring of protection
HPRegen 0.46/turn    M - ring of Foufon {rElec Will+ Stlth+}
MPRegen 0.14/turn

%: random rage (3%), guardian spirit, rampage
@: lethally poisoned (-6 -> -26), beast-form, on berserk cooldown, constricted,
studying Ice Magic
A: beast (slay +4), (nimble swimmer 2), mertail, antennae 1, iridescent scales
1, large bone plates 1, agile 1, berserk 1, deformed body, deterioration 1, low
MP 1, strong-willed 1, poison resistance, robust 1, strong 2, MP-powered wands,
noise suppression
a: Begin Untransformation, Renounce Religion


You were on level 2 of the Snake Pit.
You worshipped Xom.
You were a plaything of Xom.
You were a hulking beast.
You visited 6 branches of the dungeon, and saw 26 of its levels.
You also visited: Ice Cave.

You collected 3471 gold pieces.
You spent 899 gold pieces at shops.

Inventory:

Missiles
 D - 3 throwing nets
Armour
 j - a +0 cloak of cold resistance
 n - a +2 crystal plate armour of cold resistance
 q - a +2 pair of gloves (melded)
 A - the +1 ring mail "Vulu" {*Slow rF++ rC+ Will+}
   (You found it in an ice cave)

   rF++:      It greatly protects you from fire.
   rC+:       It protects you from cold.
   Will+:     It increases your willpower.
   *Slow:     It may slow you when you take damage.
 L - the scarf "Zeixoq" (melded) {+Inv, Str+7}
   (Xom gifted it to you on level 9 of the Dungeon)

   Str+7:     It affects your strength (+7).
 Q - a +0 plate armour of poison resistance (worn)
 T - a +1 pair of boots of rampaging (melded)
Jewellery
 a - the amulet of Xom's Hatred (around neck) {Spirit Rampage rN+}
   (Xom gifted it to you on level 10 of the Dungeon)

   [amulet of guardian spirit]

   Spirit:    It causes incoming damage to be divided between your reserves of
   health and magic.
   rN+:       It protects you from negative energy.
   Rampage:   It bestows one free step when moving towards enemies.
 l - a +4 ring of protection (left hand)
 m - a ring of positive energy
 F - an amulet of the acrobat
 M - the ring of Foufon (right hand) {rElec Will+ Stlth+}
   (You bought it in a shop on level 10 of the Dungeon)

   [ring of willpower]

   rElec:     It insulates you from electricity.
   Will+:     It increases your willpower.
   Stlth+:    It makes you more stealthy.
 R - a ring of protection from cold
 X - a ring of see invisible
 Z - a ring of ice
Talismans
 c - a beast talisman (active)
 d - a flux talisman
 r - a storm talisman
 U - a maw talisman
Wands
 e - a wand of acid (12)
 v - a wand of roots (24) (quivered)
 y - a wand of mindburst (2)
 B - a wand of flame (64)
 H - a wand of charming (10)
 S - a wand of polymorph (8)
Scrolls
 b - 4 scrolls of immolation
 h - 3 scrolls of fog
 i - 2 scrolls of fear
 p - 2 scrolls of enchant armour
 s - a scroll of blinking
 w - a scroll of acquirement {unknown}
 z - 5 scrolls of poison
 C - 2 scrolls of vulnerability {unknown}
 G - 2 scrolls of brand weapon {unknown}
 K - 10 scrolls of teleportation
 V - a scroll of torment {unknown}
 Y - a scroll of summoning
Potions
 k - 2 potions of brilliance
 o - 7 potions of mutation
 t - 3 potions of cancellation
 u - 2 potions of resistance
 x - 11 potions of ambrosia
 E - 3 potions of lignification
 I - 2 potions of berserk rage
 J - 2 potions of might
 N - 2 potions of invisibility
 O - 2 potions of attraction
 P - a potion of magic
 W - 2 potions of enlightenment


   Skills:
 - Level 15.7 Fighting
 - Level 17.3 Dodging
 - Level 14.9 Unarmed Combat
 - Level 6.8 Evocations
 + Level 18.4 Shapeshifting


You had 14 spell levels left.
You knew the following spells:

 Your Spells              Type           Power      Damage    Failure   Level
a - Blink                 Tloc           0%         N/A       100%        2

Your spell library contained the following spells:

 Spells                   Type           Power      Damage    Failure   Level
 Apportation              Tloc           0%         N/A       100%        1
 Foxfire                  Conj/Fire      0%         2x1d4     100%        1
 Freeze                   Ice            0%         1d3       100%        1
 Magic Dart               Conj           0%         1d3       100%        1
 Necrotise                Necr           0%         1d4       100%        1
 Shock                    Conj/Air       0%         1d3       100%        1
 Summon Small Mammal      Summ           0%         N/A       100%        1
 Call Imp                 Summ           0%         N/A       100%        2
 Cigotuvi's Dreadful Rot  Necr/Pois/Air  0%         N/A       100%        2
 Ensorcelled Hibernation  Hex/Ice        0%         N/A       100%        2
 Lesser Beckoning         Tloc           0%         N/A       100%        2
 Scorch                   Fire           0%         2d5       100%        2
 Wereblood                Tmut           0%         N/A       100%        2
 Frozen Ramparts          Ice            0%         1d1       100%        3
 Gell's Gravitas          Tloc           0%         N/A       100%        3
 Hailstorm                Conj/Ice       0%         3d3       100%        3
 Ignite Poison            Fire/Tmut/Pois 0%         N/A       100%        3
 Inner Flame              Hex/Fire       0%         N/A       100%        3
 Mephitic Cloud           Conj/Pois/Air  0%         N/A       100%        3
 Swiftness                Air            0%         N/A       100%        3
 Teleport Other           Tloc           0%         N/A       100%        3
 Vampiric Draining        Necr           0%         2d6       100%        3
 Vhi's Electric Charge    Tloc/Air       0%         N/A       100%        3
 Airstrike                Air            0%         2d(0-16)  100%        4
 Anguish                  Hex/Necr       0%         N/A       100%        4
 Flame Wave               Conj/Fire      0%         2d4       100%        4
 Manifold Assault         Tloc           0%         N/A       100%        4
 Sticky Flame             Conj/Fire      0%         2d3       100%        4
 Summon Ice Beast         Ice/Summ       0%         N/A       100%        4
 Agony                    Necr           0%         N/A       100%        5
 Arcjolt                  Conj/Air       0%         1d10      100%        5
 Freezing Cloud           Conj/Ice/Air   0%         6-21      100%        5
 Irradiate                Conj/Tmut      0%         3d11      100%        5
 Yara's Violent Unravell  Hex/Tmut       0%         3d3       100%        5
 Plasma Beam              Fire/Air       0%         2x1d10    100%        6
 Simulacrum               Ice/Necr       0%         N/A       100%        6
 Starburst                Conj/Fire      0%         6d3       100%        6
 Summon Cactus Giant      Summ           0%         N/A       100%        6
 Enfeeble                 Hex            0%         N/A       100%        7
 Haunt                    Necr/Summ      0%         N/A       100%        7
 Malign Gateway           Summ/Tloc      0%         N/A       100%        7
 Borgnjor's Revivificati  Necr           0%         N/A       100%        8
 Summon Horrible Things   Summ           0%         N/A       100%        8
 Death's Door             Necr           0%         N/A       100%        9


Dungeon Overview and Level Annotations

Branches:
Dungeon (15/15) Zot: 25140  Temple (1/1) D:6 Zot: 5837    Lair (5/5) D:10 Zot: 16777
 Shoals (0/4) Lair:2        Snake (2/4) Lair:2 Zot: 8055   Slime (0/5) Lair:5
    Orc (2/2) D:11 Zot: 9658     Elf (1/3) Orc:2 Zot: 5946  Vaults (0/5) D:13
 Depths (0/4) D:15          IceCv (visited)

Altars:
Ashenzari
Cheibriados
Dithmenos
Elyvilon
Fedhas
Gozag
Hepliaklqana
Kikubaaqudgha
Makhleb
Nemelex Xobeh
Okawaru
Qazlal
Ru
Sif Muna
Trog
Uskayaw
Vehumet
Wu Jian
Xom
Yredelemnul
Zin
The Shining One
Jiyva

Shops:
D:10 *   D:12 *   Orc:1 **   Orc:2 *[(:   Snake:1 (

Portals:
Trove: D:10 (give 12 potions of heal wounds)

Annotations:
D:10 4 transporters
Lair:3 1 exclusion


Innate Abilities, Weirdness & Mutations

You are a hulking beast.
Your limbs bulge with bestial killing power. (Slay +4)
((You are very nimble when in or above water. (Stealth+, EV+, Speed+++)))
Your lower body shifts to a powerful aquatic tail in water.
You have a pair of small antennae on your head.
You are partially covered in iridescent scales. (AC +2)
You are partially covered in large bone plates. (SH +4)
You are agile. (Dex +4, Str/Int -1)
You sometimes lose your temper in combat.
Armour fits poorly on your strangely shaped body.
Your body sometimes deteriorates upon taking damage.
Your magical capacity is low. (-10% MP)
You are strong-willed. (Will+)
Your system is resistant to poisons. (rPois)
You are robust. (+10% HP)
Your muscles are very strong. (Str +8, Int/Dex -2)
You expend magic power (3 MP) to strengthen your wands.
You passively dampen the noise of your surroundings.


Message History

You feel extremely sick. The black mamba closely misses you.
The anaconda barely misses you. The anaconda constricts you.
* * * LOW HITPOINT WARNING * * *
The black mamba closely misses you. The black mamba bites you!
* * * LOW HITPOINT WARNING * * *
The black mamba bites you but does no damage.
The anaconda bites you.
* * * LOW HITPOINT WARNING * * *
The anaconda constricts you.
* * * LOW HITPOINT WARNING * * *
The black mamba misses you. The black mamba bites you.
* * * LOW HITPOINT WARNING * * *
The black mamba bites you but does no damage.
The anaconda bites you.
* * * LOW HITPOINT WARNING * * *
The anaconda constricts you. The black mamba completely misses you.
The black mamba bites you but does no damage.
Okay, then.
You are too confused!
You are too confused!
You are too confused!
You are too confused!
You are too confused!
You are too confused!
You are too confused!
Your magical effects are unravelling.
You feel magically purged.
You feel less invigorated.
You feel yourself speed up.
You feel less confused.
The sentinel's mark upon you fades away.
* * * LOW HITPOINT WARNING * * *
You feel extremely sick. The black mamba bites you.
* * * LOW HITPOINT WARNING * * *
You block the anaconda's attack. The anaconda constricts you.
* * * LOW HITPOINT WARNING * * *
The black mamba closely misses you. The black mamba misses you.
The black mamba bites you!
You die...
Xom giggles madly!

#...)..##..#....#
#............#...#
#................#
###................
######...................
.............S.........$.
................S.......#
...........#...SSS.....#
..........######hS.....#
..........## ##.#.####
....#......# ##.<.##
...).......## #.....#
#...........###.....##
#..........).#.......##
......................##
...#=......#...........##
.†.##.....#.............#


You could see an anaconda, a shock serpent and 4 black mambas.

Vanquished Creatures
  Nikola (Snake:1)
  Donald (Orc:2)
  A ghost moth (Lair:5)
  An ironbound preserver (D:13)
  Azrael (D:13)
  A dire elephant (Orc:2)
  2 fire dragons
  2 ice dragons
  2 catoblepae
  A hydra (D:13)
  2 anacondas
  Erica (Orc:1)
  6 centaur warriors
  2 boulder beetles
  2 tengu warriors
  4 naga warriors
  A death yak (Lair:3)
  5 orc high priests
  Urug (Orc:2)
  4 naga sharpshooters (Snake:2)
  Sonja (Lair:2)
  A salamander mystic (Snake:2)
  5 skeletal warriors (D:15)
  A swamp dragon (shapeshifter) (D:14)
  2 naga ritualists (Snake:2)
  A swamp dragon (Lair:5)
  2 bog bodies (IceCv)
  3 lindwurms
  A necromancer (Lair:5)
  A deep elf pyromancer (D:13)
  3 orc knights
  2 manticores
  15 ugly things
  3 orc sorcerers (Orc:2)
  4 mana vipers
  7 cyclopes
  9 elephants
  A salamander (Snake:1)
  14 black mambas
  4 torpor snails (Lair:5)
  Joseph (Lair:1)
  6 naga magi
  A water nymph (Lair:5)
  11 cane toads
  A gargoyle (D:12)
  2 unseen horrors
  Psyche (D:9)
  5 rime drakes
  A freezing wraith (IceCv)
  Maggie (Lair:2)
  6 komodo dragons
  2 anaconda simulacra (IceCv)
  2 ice devils
  7 polar bears
  A queen bee (Lair:3)
  A wind drake (D:12)
  9 trolls
  12 blink frogs
  3 tyrant leeches (Lair:5)
  6 hornets (Lair:5)
  4 dream sheep (Lair:5)
  4 air elementals
  2 shadows
  A centaur simulacrum (D:15)
  7 slime creatures
  3 wraiths
  2 wyverns
  3 fire elementals (D:13)
  A golden eye (Lair:2)
  A hog (shapeshifter) (Lair:2)
  32 yaks
  7 vampire mosquitoes
  2 basilisks
  A death yak simulacrum (IceCv)
  4 steam dragons
  5 wargs
  13 nagas
  13 water moccasins
  3 acid dragons
  A hell hound (D:13)
  A hydra simulacrum (IceCv)
  4 swamp drakes (Lair:5)
  25 orc warriors
  2 ogres (Orc:2)
  A sky beast (D:6)
  13 wolves
  3 black bears
  12 centaurs
  A phantom (D:6)
  3 kobold brigands
  9 bullfrogs
  8 two-headed ogre simulacra
  3 cane toad simulacra
  An entropy weaver simulacrum (Lair:3)
  2 gnoll sergeants
  6 scorpions
  A wight (D:6)
  40 killer bees
  2 elephant simulacra
  8 electric eels
  A howler monkey (D:12)
  11 orc priests
  3 gnoll boudas
  3 hounds
  Ijyb (D:4)
  24 orc wizards
  2 sleepcaps
  7 iguanas
  3 polar bear simulacra
  5 troll simulacra
  2 yak simulacra (Lair:5)
  8 spriggan simulacra (IceCv)
  5 wolf simulacra
  24 gnolls
  9 adders
  4 naga simulacra (IceCv)
  A shadow imp (D:8)
  6 white imps
  9 ufetubi
  2 worms (D:2)
  62 orcs
  3 ball pythons (D:4)
  3 endoplasms
  4 giant cockroaches
  2 goblins
  4 hobgoblins
  4 jackals (D:1)
  6 quokkas
  4 bats
  2 frilled lizards (D:2)
  14 kobolds
  3 rats
  5 river rat simulacra (Lair:5)
700 creatures vanquished.

Vanquished Creatures (collateral kills)
  2 two-headed ogres (D:9)
  An orc sorcerer (Orc:2)
  An ugly thing (D:9)
  A merfolk siren (Lair:2)
  Maurice (D:13)
  A merfolk (Lair:2)
  A vampire mosquito (D:9)
  A warg (Orc:2)
  3 orc warriors
  An ogre (Orc:2)
  A howler monkey (D:9)
  2 orcs (D:9)
16 creatures vanquished.

Vanquished Creatures (others)
  A yak (Lair:5)
  An adder (D:6)
2 creatures vanquished.

Grand Total: 718 creatures vanquished

Notes
Turn   | Place    | Note
-------+----------+-------------------------------------------
     0 | D:1      | Arcadio the Merfolk Shapeshifter began the quest for the
                  | Orb.
     0 | D:1      | Reached XP level 1. HP: 15/15 MP: 1/1
    17 | D:1      | Found a faded altar of an unknown god.
    84 | D:1      | Reached XP level 2. HP: 20/21 MP: 2/2
   717 | D:2      | Reached XP level 3. HP: 27/27 MP: 3/3
  1836 | D:3      | Reached XP level 4. HP: 33/33 MP: 4/4
  2515 | D:4      | Noticed Ijyb
  2527 | D:4      | Killed Ijyb
  2555 | D:4      | Noticed a phantom
  2739 | D:2      | Reached XP level 5. HP: 30/39 MP: 5/5
  3193 | D:4      | Found a burning altar of Makhleb.
  3329 | D:5      | Entered Level 5 of the Dungeon
  3368 | D:5      | Reached skill level 5 in Shapeshifting
  3410 | D:5      | Reached XP level 6. HP: 47/47 MP: 6/6
  4008 | D:4      | Reached skill level 5 in Dodging
  4024 | D:4      | Reached skill level 5 in Unarmed Combat
  4024 | D:4      | Reached XP level 7. HP: 51/53 MP: 7/7
  4510 | D:6      | Reached skill level 6 in Shapeshifting
  4597 | D:6      | Reached XP level 8. HP: 61/61 MP: 8/8
  4650 | D:6      | Reached skill level 5 in Fighting
  5343 | D:6      | Reached skill level 7 in Shapeshifting
  5628 | D:6      | Found a staircase to the Ecumenical Temple.
  6272 | Temple   | Entered the Ecumenical Temple
  6377 | Temple   | Became a worshipper of Xom of Chaos
  6562 | D:7      | XOM: potion effect (brilliance)
  6567 | D:7      | Reached XP level 9. HP: 64/69 MP: 9/9
  7084 | D:7      | XOM: divination: magic mapping
  7208 | D:7      | XOM is BORED!
  7208 | D:7      | XOM: silly message
  7429 | D:8      | XOM: potion effect (attraction)
  7442 | D:8      | XOM: potion effect (heal wounds)
  7517 | D:8      | Reached skill level 8 in Shapeshifting
  7518 | D:8      | XOM: silly message
  7633 | D:8      | XOM: divination: detect creatures
  7645 | D:8      | XOM: potion effect (curing)
  7714 | D:8      | XOM: potion effect (berserk rage)
  8469 | D:8      | XOM is BORED!
  8469 | D:8      | XOM: torment (37/72 hp)
  8676 | D:8      | XOM: torment (37/72 hp)
  9033 | D:9      | Noticed Psyche
  9107 | D:9      | Killed Psyche
  9108 | D:9      | Reached XP level 10. HP: 74/79 MP: 10/10
  9208 | D:9      | XOM: silly message
  9253 | D:9      | XOM: enchant monster (good)
  9439 | D:9      | Reached skill level 9 in Shapeshifting
  9457 | D:9      | XOM: summons 9 friendly demons
  9479 | D:9      | Noticed a white ugly thing
  9480 | D:9      | Reached skill level 10 in Dodging
  9488 | D:9      | Killed a white ugly thing
  9492 | D:9      | Noticed a two-headed ogre
  9496 | D:9      | Noticed a two-headed ogre
  9500 | D:9      | Killed a two-headed ogre
  9507 | D:9      | Killed a two-headed ogre
  9541 | D:9      | XOM: god gift: runed rapier {god gift}
  9647 | D:9      | Found a bloodstained altar of Trog.
  9677 | D:9      | XOM: god gift: scroll labelled FAUKHL FONUD {god gift}
  9687 | D:9      | Identified the scarf "Zeixoq" {+Inv, Str+7} (Xom gifted it
                  | to you on level 9 of the Dungeon)
  9687 | D:9      | XOM: god gift: scarf "Zeixoq" {+Inv, Str+7}
  9823 | D:9      | XOM: fog
  9961 | D:9      | Learned a level 2 spell: Blink
 10001 | D:10     | Entered Level 10 of the Dungeon
 10149 | D:10     | Found a transporter.
 10149 | D:10     | XOM: 9-stop teleportation journey
 10243 | D:10     | XOM: god gift: 43 gold pieces
 10252 | D:10     | XOM: polymorph troll -> raiju
 10262 | D:10     | Reached XP level 11. HP: 62/89 MP: 11/11
 10264 | D:10     | XOM: polymorph raiju -> rime drake
 10272 | D:10     | XOM: confuse monster(s)
 10280 | D:10     | Reached skill level 10 in Shapeshifting
 10377 | D:10     | Found a portal to a secret trove of treasure.
 10431 | D:10     | Found a transporter.
 10451 | D:10     | Found a transporter.
 10504 | D:10     | Found a staircase to the Lair.
 10506 | D:10     | XOM: enchant monster (good)
 10557 | D:10     | XOM: scenery: 1 doors close
 10684 | D:10     | XOM: god gift: +0 vampiric lajatang
 10700 | D:10     | Found Batis's Assorted Antiques.
 10700 | D:10     | XOM: 8-stop teleportation journey
 10756 | D:10     | Bought a slimy wooden ring for 80 gold pieces
 10756 | D:10     | Identified the ring of Foufon {rElec Will+ Stlth+} (You
                  | bought it in a shop on level 10 of the Dungeon)
 10756 | D:10     | Bought 2 scrolls of identify for 64 gold pieces
 10808 | D:10     | Found a transporter.
 10955 | Lair:1   | Entered Level 1 of the Lair of Beasts
 11089 | D:10     | Reached skill level 10 in Unarmed Combat
 11116 | D:10     | Identified the amulet of Xom's Hatred {Spirit Rampage rN+}
                  | (Xom gifted it to you on level 10 of the Dungeon)
 11116 | D:10     | XOM: god gift: amulet of Xom's Hatred {Spirit Rampage rN+}
 11279 | D:10     | XOM: god gift: 5 atropa-tipped darts
 11280 | D:10     | XOM: silly message
 11444 | Lair:1   | XOM: god gift: rapier {god gift}
 11488 | Lair:1   | XOM: god gift: book of Necromancy
 11501 | Lair:1   | Noticed Joseph
 11522 | Lair:1   | Killed Joseph
 11619 | Lair:1   | XOM: enchant monster (good)
 12776 | Lair:2   | XOM: confuse monster(s)
 12777 | Lair:2   | Noticed Sonja
 13272 | Lair:2   | XOM: torment (46/90 hp)
 13540 | Lair:2   | XOM: noise
 13552 | Lair:1   | XOM: give mutation
 13552 | Lair:1   | Gained mutation: You are strong-willed. (Will+) [Xom's
                  | mischief]
 13557 | Lair:1   | Reached skill level 10 in Fighting
 13745 | Lair:2   | XOM: polymorph water moccasin -> golden eye
 13752 | Lair:2   | XOM: summons 11 friendly demons
 13760 | Lair:2   | Reached skill level 11 in Shapeshifting
 13760 | Lair:2   | XOM: confusion (+ monsters)
 14154 | Lair:1   | Reached XP level 12. HP: 61/98 MP: 12/12
 14437 | Lair:2   | XOM: noise
 14552 | Lair:2   | XOM: enchant monster (bad)
 14578 | Lair:2   | XOM: divination: detect items
 14790 | Lair:2   | XOM: give mutations
 14790 | Lair:2   | Gained mutation: You are partially covered in large bone
                  | plates. (SH +4) [Xom's grace]
 14790 | Lair:2   | Gained mutation: A frigid envelope surrounds you and
                  | freezes all who hurt you. [Xom's grace]
 14866 | Lair:2   | Noticed Maggie
 14878 | Lair:2   | Killed Maggie
 14892 | Lair:2   | XOM: 1-stop teleportation journey
 15074 | Lair:2   | Found a staircase to the Shoals.
 15113 | Lair:2   | Killed Sonja
 15162 | Lair:2   | XOM: cloud trail
 15302 | Lair:2   | XOM: confuse monster(s)
 15341 | Lair:2   | XOM: divination: detect items
 15357 | Lair:2   | XOM: 5-stop teleportation journey
 15394 | Lair:2   | XOM: cloud trail
 15420 | Lair:2   | XOM: silly message
 15492 | Lair:2   | XOM: silly message
 15501 | Lair:2   | XOM: silly message
 15514 | Lair:2   | Reached skill level 12 in Shapeshifting
 15756 | Lair:2   | Noticed a catoblepas
 15776 | Lair:2   | Found a staircase to the Snake Pit.
 15999 | Lair:2   | XOM: potion effect (invisibility)
 16099 | Lair:2   | Killed a catoblepas
 16508 | Lair:2   | XOM: divination: magic mapping
 16521 | Lair:2   | XOM: silly message
 16665 | Lair:2   | XOM: potion effect (magic)
 16882 | Lair:3   | Noticed a death yak
 17291 | Lair:3   | XOM: cast spell 'Summon Ice Beast'
 17297 | Lair:3   | Reached XP level 13. HP: 106/107 MP: 11/13
 17343 | Lair:3   | XOM: divination: detect creatures
 17481 | Lair:3   | XOM: cloud trail
 17832 | Lair:3   | XOM: silly message
 17856 | Lair:3   | XOM: 2-stop teleportation journey
 18011 | Lair:2   | XOM: potion effect (haste)
 18080 | Lair:3   | XOM: potion effect (heal wounds)
 18105 | Lair:3   | XOM: cloud trail
 18277 | Lair:3   | XOM: swap monsters
 18496 | Lair:3   | XOM: blink monster(s)
 18558 | Lair:3   | XOM: noise
 18578 | Lair:3   | XOM: silly message
 18864 | Lair:3   | Reached skill level 13 in Shapeshifting
 19222 | Lair:4   | You fall into a shaft and drop 1 floor!
 19222 | Lair:5   | Entered Level 5 of the Lair of Beasts
 19247 | Lair:4   | XOM: summons 2 friendly demons
 20061 | Lair:4   | XOM: give mutations
 20061 | Lair:4   | Gained mutation: You are robust. (+10% HP) [Xom's mischief]
 20061 | Lair:4   | Gained mutation: Your magical capacity is low. (-10% MP)
                  | [Xom's mischief]
 20061 | Lair:4   | Gained mutation: You are weak. (Str -2) [Xom's mischief]
 20178 | Lair:4   | XOM: confusion (+ monsters)
 20185 | Lair:4   | XOM: polymorph blink frog -> black mamba
 20528 | Lair:4   | XOM: divination: magic mapping
 20543 | Lair:4   | Reached skill level 15 in Dodging
 20685 | Lair:4   | XOM: divination: detect items
 20993 | Lair:5   | XOM: confuse monster(s)
 20999 | Lair:5   | XOM: blink monster(s)
 21039 | Lair:5   | XOM: 3-stop teleportation journey
 21171 | Lair:5   | XOM: swap monsters
 21246 | Lair:5   | Found a runed translucent door.
 21247 | Lair:5   | Noticed a fire dragon
 21307 | Lair:5   | Reached skill level 1 in Evocations
 21536 | Lair:5   | XOM: destruction
 21580 | Lair:5   | XOM: polymorph torpor snail -> water nymph
 21607 | Lair:5   | XOM: give mutations
 21607 | Lair:5   | Lost mutation: You are weak. (Str -2) [Xom's grace]
 21607 | Lair:5   | Gained mutation: You possess an exceptional clarity of
                  | mind. [Xom's grace]
 21705 | Lair:5   | XOM: scenery: summon butterflies
 22039 | Lair:5   | XOM: enchant monster (good)
 22040 | Lair:5   | XOM: god gift: 47 gold pieces
 22082 | Lair:5   | XOM: enchant monster (good)
 22180 | Lair:5   | XOM: give mutations
 22180 | Lair:5   | Gained mutation: Your muscles are strong. (Str +4, Int/Dex
                  | -1) [Xom's grace]
 22180 | Lair:5   | Gained mutation: You have a pair of small antennae on your
                  | head. [Xom's grace]
 22180 | Lair:5   | Gained mutation: Your flesh is heat resistant. (rF+) [Xom's
                  | grace]
 22201 | Lair:5   | Noticed a fire dragon
 22204 | Lair:5   | XOM: fake destruction
 22213 | Lair:5   | XOM: 4-stop teleportation journey
 22411 | Lair:5   | Found a runed translucent door.
 22413 | Lair:5   | Found a viscous altar of Jiyva.
 22415 | Lair:5   | Found a staircase to the Slime Pits.
 22440 | Lair:5   | Reached XP level 14. HP: 92/129 MP: 8/12
 22832 | Lair:5   | XOM: give mutations
 22832 | Lair:5   | Gained mutation: You expend magic power (3 MP) to
                  | strengthen your wands. [Xom's mischief]
 22832 | Lair:5   | Gained mutation: Your spells are a little harder to cast,
                  | but a little more powerful. [Xom's mischief]
 22832 | Lair:5   | Lost mutation: You possess an exceptional clarity of mind.
                  | [Xom's mischief]
 22832 | Lair:5   | Lost mutation: Your magical capacity is low. (-10% MP)
                  | [Xom's mischief]
 23156 | Lair:5   | XOM: summons 2 hostile demons
 23223 | Lair:5   | XOM: noise
 23501 | Lair:5   | XOM: polymorph fire dragon -> something unseen
 23505 | Lair:5   | Killed a ghost moth
 23638 | Lair:5   | XOM: draining
 23677 | Lair:5   | XOM: summons 3 hostile shadow creatures
 23853 | Lair:5   | XOM: cloud trail
 23994 | Lair:5   | XOM: give mutations
 23994 | Lair:5   | Gained mutation: Armour fits poorly on your strangely
                  | shaped body. [Xom's mischief]
 23994 | Lair:5   | Lost mutation: Your spells are a little harder to cast, but
                  | a little more powerful. [Xom's mischief]
 24075 | Lair:3   | XOM is BORED!
 24253 | D:11     | XOM: noise
 24405 | D:10     | XOM: noise
 24552 | D:10     | Bought a potion of heal wounds for 80 gold pieces
 24931 | D:11     | Found a staircase to the Orcish Mines.
 24944 | D:11     | XOM: divination: detect creatures
 25090 | D:11     | Reached skill level 14 in Shapeshifting
 25096 | D:11     | XOM: noise
 25176 | D:11     | XOM: noise
 25545 | D:11     | XOM: silly message
 25596 | D:11     | XOM: silly message
 25732 | D:12     | Found a frozen archway.
 25734 | D:12     | XOM: potion effect (brilliance)
 25738 | D:12     | XOM: silly message
 25749 | D:12     | XOM: potion effect (attraction)
 25765 | IceCv    | Entered an ice cave
 25934 | IceCv    | XOM: silly message
 26062 | IceCv    | XOM: silly message
 26240 | IceCv    | XOM: summons 3 friendly demons
 26747 | IceCv    | Identified the +1 ring mail "Vulu" {*Slow rF++ rC+ Will+}
 27289 | D:12     | Found Reroivia's General Store.
 27405 | D:12     | XOM: fake destruction
 27409 | D:12     | XOM: polymorph slime creature -> wind drake
 27416 | D:12     | HP: 3/129 [very large slime creature (42)]
 27844 | D:12     | XOM: silly message
 27852 | D:12     | XOM: divination: detect items
 27885 | D:12     | XOM: silly message
 28432 | D:12     | XOM: enchant monster (bad)
 28463 | D:12     | XOM: silly message
 28791 | Orc:1    | Entered Level 1 of the Orcish Mines
 28800 | Orc:1    | Noticed Erica
 28800 | Orc:1    | XOM: 1-stop teleportation journey
 28806 | Orc:1    | XOM: cast spell 'Cause Fear'
 28837 | Orc:1    | Killed Erica
 28838 | Orc:1    | Reached skill level 5 in Evocations
 29093 | Orc:2    | Entered Level 2 of the Orcish Mines
 29126 | Orc:1    | XOM: potion effect (berserk rage)
 29280 | Orc:2    | Noticed an orc warlord
 29286 | Orc:2    | XOM: scenery: summon butterflies
 29291 | Orc:2    | XOM: enchant monster (bad)
 29397 | Orc:1    | XOM: silly message
 29408 | Orc:1    | XOM: silly message
 29667 | Orc:2    | XOM: silly message
 29669 | Orc:2    | XOM: confuse monster(s)
 29679 | Orc:2    | Noticed Urug
 29681 | Orc:2    | Reached XP level 15. HP: 136/138 MP: 5/15
 29682 | Orc:2    | Found Rauteg's Antique Weapon Boutique.
 29682 | Orc:2    | Found a staircase to the Elven Halls.
 29688 | Orc:2    | Found Tocoygh's General Store.
 29688 | Orc:2    | XOM: 2-stop teleportation journey
 29688 | Orc:2    | XOM: smoke on damage
 29782 | Orc:2    | XOM: silly message
 29819 | Orc:2    | Killed Urug
 29829 | Orc:2    | Bought a scroll of teleportation for 42 gold pieces
 29829 | Orc:2    | Bought a scroll of identify for 28 gold pieces
 29829 | Orc:2    | Bought a scroll of blinking for 105 gold pieces
 29897 | Orc:2    | XOM: divination: detect creatures
 30102 | Orc:2    | an orc warlord changed into a dire elephant
 30103 | Orc:2    | XOM: potion effect (might)
 30254 | Orc:2    | Noticed Donald
 30265 | Orc:2    | Killed Donald
 30265 | Orc:2    | XOM: silly message
 30506 | Orc:2    | Found Pelygeoj's Antique Armour Shoppe.
 30541 | Orc:2    | Found Efoifin's Book Shoppe.
 30688 | Orc:2    | XOM: silly message
 30693 | Orc:2    | Bought a potion of curing for 42 gold pieces
 30693 | Orc:2    | Bought a scroll of summoning for 133 gold pieces
 30708 | Elf:1    | Entered Level 1 of the Elven Halls
 30767 | Orc:2    | Paralysed by an air elemental for 1 turns
 30830 | Orc:2    | XOM: smoke on damage
 31003 | Orc:2    | XOM: silly message
 31041 | Orc:1    | Found Fiomas's General Store.
 31041 | Orc:1    | XOM: blink monster(s)
 31072 | Orc:1    | Found Cinath's Specific Store.
 31081 | Orc:1    | Bought a potion of might for 52 gold pieces
 31081 | Orc:1    | Bought 2 potions of lignification for 78 gold pieces
 31482 | D:13     | Identified the +0 ring mail "Godot" {rF- Regen+ Stlth+}
 31695 | D:13     | Found a gate to the Vaults.
 31707 | D:13     | XOM: 1-stop teleportation journey
 31719 | D:13     | Reached skill level 15 in Shapeshifting
 31880 | D:13     | XOM: give mutations
 31880 | D:13     | Lost mutation: A frigid envelope surrounds you and freezes
                  | all who hurt you. [Xom's mischief]
 31880 | D:13     | Lost mutation: Your muscles are strong. (Str +4, Int/Dex
                  | -1) [Xom's mischief]
 31968 | D:13     | XOM: enchant monster (good)
 32108 | D:13     | Noticed Azrael
 32146 | D:13     | XOM: cleaving
 32155 | D:13     | XOM: swap monsters
 32166 | D:13     | Noticed Maurice
 32167 | D:13     | Killed Azrael
 32173 | D:13     | Killed Maurice
 32326 | D:13     | XOM: summons 4 hostile demons
 32476 | D:13     | XOM: give mutations
 32476 | D:13     | Gained mutation: Your body sometimes deteriorates upon
                  | taking damage. [Xom's mischief]
 32476 | D:13     | Lost mutation: Your flesh is heat resistant. (rF+) [Xom's
                  | mischief]
 32476 | D:13     | Gained mutation: You sometimes lose your temper in combat.
                  | [Xom's mischief]
 32476 | D:13     | Gained mutation: Your magical capacity is low. (-10% MP)
                  | [Xom's mischief]
 32762 | D:14     | XOM: silly message
 32878 | D:12     | Bought a ring of see invisible for 195 gold pieces
 33470 | D:14     | XOM: enchant monster (good)
 33493 | D:14     | XOM: confusion (+ monsters)
 33572 | D:14     | XOM: 1-stop teleportation journey
 33607 | D:14     | XOM: potion effect (brilliance)
 33769 | D:14     | XOM: god gift: ring mail {god gift}
 33887 | D:15     | Entered Level 15 of the Dungeon
 34334 | D:15     | XOM: god gift: 327 gold pieces
 34509 | D:15     | XOM: confusion (+ monsters)
 34515 | D:15     | Found a staircase to the Depths.
 34515 | D:15     | XOM: 3-stop teleportation journey
 34548 | D:15     | Reached skill level 16 in Shapeshifting
 34845 | D:15     | XOM: divination: magic mapping
 34991 | D:15     | Found a shimmering altar of Xom.
 35101 | D:15     | XOM: silly message
 35106 | D:15     | XOM: silly message
 35245 | D:15     | XOM: potion effect (invisibility)
 35359 | D:15     | Reached XP level 16. HP: 133/147 MP: 10/14
 35422 | D:15     | XOM: summons 9 hostile demons
 35874 | Snake:1  | Entered Level 1 of the Snake Pit
 35883 | Lair:2   | XOM: give mutations
 35883 | Lair:2   | Gained mutation: Your skin changes colour to match your
                  | surroundings (Stealth+). [Xom's mischief]
 35883 | Lair:2   | Lost mutation: Your skin changes colour to match your
                  | surroundings (Stealth+). [Xom's mischief]
 35883 | Lair:2   | Lost mutation: You are robust. (+10% HP) [Xom's mischief]
 35883 | Lair:2   | Gained mutation: Your spells are a little easier to cast,
                  | but a little less powerful. [Xom's mischief]
 36023 | Lair:2   | XOM: summons 2 hostile shadow creatures
 36145 | Snake:1  | HP: 10/201 [constriction (3)]
 36150 | Lair:2   | HP: 8/201 [poisoned by a naga warrior (splash of poison)]
 36672 | Snake:1  | Reached skill level 17 in Shapeshifting
 36747 | Snake:1  | Found Dialij's Antique Weapon Shop.
 36938 | Snake:1  | XOM: confusion
 36946 | Snake:1  | XOM: potion effect (experience)
 36946 | Snake:1  | Reached skill level 15 in Fighting
 36946 | Snake:1  | Reached XP level 17. HP: 27/143 MP: 4/15
 37145 | Snake:1  | XOM: divination: magic mapping
 37359 | Snake:1  | XOM: scenery: summon butterflies
 37698 | Snake:1  | Found a shimmering altar of Xom.
 37791 | Snake:1  | XOM: summons 2 hostile demons
 37842 | Snake:1  | XOM: 7-stop teleportation journey
 37923 | Snake:1  | Noticed Nikola
 37924 | Snake:1  | Upgraded the game from 0.31-a0-532-g28f74ba3e5 to
                  | 0.31-a0-538-gbc85326fa9
 37928 | Snake:1  | XOM: scenery: summon butterflies
 37931 | Snake:1  | XOM: cast spell 'Discord'
 37948 | Snake:1  | Killed Nikola
 38007 | Snake:1  | XOM: summons 9 hostile demons
 38440 | Snake:1  | XOM: give mutations
 38440 | Snake:1  | Gained mutation: You are partially covered in iridescent
                  | scales. (AC +2) [Xom's grace]
 38440 | Snake:1  | Gained mutation: You passively dampen the noise of your
                  | surroundings. [Xom's grace]
 38483 | Snake:1  | XOM: give mutations
 38483 | Snake:1  | Gained mutation: You are robust. (+10% HP) [Xom's grace]
 38483 | Snake:1  | Gained mutation: You are agile. (Dex +4, Str/Int -1) [Xom's
                  | grace]
 38483 | Snake:1  | Gained mutation: Your muscles are strong. (Str +4, Int/Dex
                  | -1) [Xom's grace]
 38483 | Snake:1  | Gained mutation: Your muscles are very strong. (Str +8,
                  | Int/Dex -2) [Xom's grace]
 38598 | Snake:2  | XOM: confuse monster(s)
 38778 | Snake:1  | XOM: god gift: scroll labelled BOSOME LEON {god gift}
 38842 | Snake:1  | XOM: give mutations
 38842 | Snake:1  | Gained mutation: Your system is resistant to poisons.
                  | (rPois) [Xom's grace]
 38842 | Snake:1  | Lost mutation: Your spells are a little easier to cast, but
                  | a little less powerful. [Xom's grace]
 38985 | Snake:1  | Identified the staff of Arcadio's Quick Death {rC+ Will+
                  | Ice} (Xom gifted it to you on level 1 of the Snake Pit)
 38985 | Snake:1  | XOM: god gift: staff of Arcadio's Quick Death {rC+ Will+
                  | Ice}
 39243 | Snake:2  | XOM: 1-stop teleportation journey
 39249 | Snake:2  | XOM: scenery: summon butterflies
 39254 | Snake:2  | XOM: fake destruction
 39913 | Snake:2  | Reached skill level 18 in Shapeshifting
 39921 | Snake:2  | XOM: scenery: create altars
 40138 | Snake:2  | XOM: scenery: summon butterflies
 40281 | Snake:2  | XOM: cloud trail
 40469 | Snake:2  | XOM: scenery: summon butterflies
 40479 | Snake:2  | XOM: scenery: summon butterflies
 40493 | Snake:2  | HP: 6/157 [poisoned by a black mamba]
 40493 | Snake:2  | Mangled by a black mamba

Illustrated notes

Levels and vault maps discovered:
D:1:      nicolae_arrival_washed_ashore, layout_basic,
          dreamdust_ecumenical_altar_grove
D:2:      kennysheep_six_static_rooms, layout_loops_corners, grunt_decor_cap
D:3:      layout_basic, serial_bayou, serial_bayou_lagoon_b,
          serial_bayou_lagoon_a, serial_bayou_shore_b, serial_bayou_crossing
D:4:      layout_cave_pools, mainiacjoe_overflow_concentric_impassable,
          kennysheep_small_square, uniq_ijyb
D:5:      layout_gridville
D:6:      minmay_thinvault, layout_layer_cave, minmay_temple_entry_glassed_door,
          kennysheep_generic_room_4
D:7:      layout_rooms, kennysheep_crisscross, minivault_24
D:8:      layout_basic
D:9:      layout_loops_ring, minmay_ruined_shrine, uniq_psyche
D:10:     layout_small_grid, grunt_lair_entry_orc_guard_hut, serial_shops, shop,
          enter_trove_3, dreamdust_mushroom_princess, kennysheep_another_room,
          serial_bayou_pond_c, nicolae_transporter_intersection
D:11:     layout_basic, david_orc_5
D:12:     layout_roguey, serial_shops, shop_statue,
          portal_ice_cave_entry_animals_and_master
D:13:     layout_roguey, skrybe_vaults_entry_preservation, uniq_azrael,
          uniq_maurice
D:14:     layout_gridville, serial_bayou_ford_a, nicolae_fountain_basement
D:15:     grunt_enter_depths_hoard, layout_irregular_city, xom_teletrap_fun
Temple:   mainiacjoe_temple_starburst
Lair:1:   layout_chaotic_city, serial_bayou_shore_b, lemuel_fruit_tree,
          uniq_joseph
Lair:2:   layout_chaotic_city, elwin_shoals_entry_rooms,
          minmay_snake_entry_guardpost_small, minmay_shattered_shrine,
          infiniplex_staircase_pool, serial_bayou_shore_b, serial_bayou_shore_a,
          uniq_sonja, uniq_maggie
Lair:3:   dreamdust_isle_of_ice, layout_cave_pods, special_room
          [special_room_bee], nicolae_quartered_pool_super, wad_woods_road_05,
          grunt_megastairs_4
Lair:4:   layout_long_grid
Lair:5:   wormcave, layout_cave_shapes, guppyfry_lair_end_dragon, slime_entry_2,
          eino_house_with_fridge
Snake:1:  layout_basic, serial_shops, shop, basic_altar, uniq_nikola
Snake:2:  layout_grid_shapes, st_stairs_12
Orc:1:    layout_diamond_mine, nicolae_specific_store,
          statue_in_the_mist_lemuel, uniq_erica
Orc:2:    grunt_orc_gardens, layout_diamond_mine, grunt_orc_garden,
          grunt_orc_garden, grunt_orc_garden, grunt_orc_garden, uniq_donald,
          uniq_urug
Elf:1:    nicolae_elf_arrival_aired_out, layout_loops_corners, minivault_28,
          amcnicky_mini_rare_corridor_liquid, minmay_shop_grove,
          grunt_megastairs_2

Skill      XL: |  1  2  3  4  5  6  7  8  9 10 11 12 13 14 15 16 17 |
---------------+----------------------------------------------------+-----
Dodging        | 3 4 5 6 7 9 11 12 14 15 16 17 | 17.3
Fighting       | 2 3 4 6 7 9 10 11 13 14 15 | 15.7
Unarmed Combat | 4 5 6 8 9 11 12 13 14 | 14.9
Shapeshifting  | 5 6 7 8 9 11 12 13 14 16 17 18 | 18.4
Evocations     | 2 5 6 |  6.8

Action                     |  1- 3 |  4- 6 |  7- 9 | 10-12 | 13-15 | 16-18 || total
---------------------------+-------+-------+-------+-------+-------+-------++-------
  Melee: Unarmed           |    77 |   168 |   370 |   558 |  1085 |   250 ||  2508
         Punch             |     2 |     8 |    19 |    54 |   105 |    42 ||   230
         Tailslap          |       |     3 |       |    25 |    14 |       ||    42
         Maw               |       |       |       |       |   161 |     2 ||   163
  Evoke: Wand              |       |       |       |     6 |    30 |     5 ||    41
    Use: Scroll            |     5 |       |     8 |     6 |    13 |     2 ||    34
         Potion            |       |       |     4 |     5 |    12 |     8 ||    29
   Stab: Distracted        |       |       |       |     2 |     4 |       ||     6
         Confused          |       |       |       |     4 |     6 |       ||    10
         Invisible         |       |       |       |     3 |       |       ||     3
         Sleeping          |       |       |       |       |     8 |       ||     8
 Armour: Plate armour      |    58 |   154 |   255 |   284 |   122 |    51 ||   924
         Animal skin       |     2 |       |       |       |       |       ||     2
         Skin              |       |       |     3 |       |   101 |    10 ||   114
         Ring mail         |       |       |       |       |     4 |       ||     4
  Dodge: Dodged            |    15 |    52 |   138 |   300 |   647 |   181 ||  1333
  Block: Other             |       |       |       |    16 |   140 |    35 ||   191
   Form: Maw               |       |       |       |       |     3 |       ||     3
         Beast             |       |       |       |       |     1 |     1 ||     2
         Storm             |       |       |       |       |     1 |       ||     1

Table legend: (Time is in decaauts)
 A = Elapsed time spent in this place.
 B = Non-inter-level travel time spent in this place.
 C = Inter-level travel time spent in this place.
 D = Time resting spent in this place.
 E = Time spent auto-exploring this place.
 F = Levels seen in this place.
 G = Mean time per level.
                   A        B        C        D        E       F      G
               +--------+--------+--------+--------+--------+-----+--------+
         Total |  39936 |  38200 |   1736 |  12680 |  17981 |  27 | 1479.1 |
       Dungeon |  18771 |  17835 |    936 |   3983 |  10388 |  15 | 1251.4 |
        Temple |    162 |    105 |     57 |      0 |      0 |   1 |  162.0 |
          Lair |  13222 |  12644 |    578 |   5272 |   5042 |   5 | 2644.4 |
     Snake Pit |   3942 |   3892 |     50 |   2363 |    859 |   2 | 1971.0 |
  Orcish Mines |   2341 |   2228 |    113 |    477 |   1146 |   2 | 1170.5 |
   Elven Halls |     53 |     53 |      0 |     31 |      0 |   1 |   53.0 |
      Ice Cave |   1443 |   1443 |      0 |    552 |    545 |   1 | 1443.0 |
               +--------+--------+--------+--------+--------+-----+--------+

Top non-repeatable levels by time:
  Lair:2: 3748 daAuts
 Snake:1: 3015 daAuts
  Lair:5: 2808 daAuts
  Lair:1: 2548 daAuts
  Lair:3: 2278 daAuts
  Lair:4: 1837 daAuts
    D:10: 1756 daAuts
    D:15: 1717 daAuts
     D:8: 1525 daAuts
    D:11: 1505 daAuts
    D:13: 1498 daAuts
    D:12: 1488 daAuts
     D:6: 1466 daAuts
   IceCv: 1443 daAuts
   Orc:2: 1392 daAuts
